 Dungeon Crawl Stone Soup version 0.31-a0-986-g5e6e4ef867 (webtiles) character file.

Game seed: 15330167072605055728

5132 Jeffwins the Grappler (level 10, 0/92 HPs)
             Began as a Troll Shapeshifter on Nov 25, 2023.
             Was a Priest of Okawaru.
             Succumbed to Erica's bolt of poison
             ... on level 8 of the Dungeon.
             The game lasted 00:10:27 (7265 turns).

Jeffwins the Grappler (Troll Shapeshifter)          Turns: 7265, Time: 00:10:27

Health: 0/92       AC:  4    Str: 24    XL:     10   Next: 33%
Magic:  9/9        EV:  9    Int: 10    God:    Okawaru [***...]
Gold:   389        SH:  8    Dex:  9    Spells: 9/9 levels left

rFire   . .          .
                       - Unarmed
rCold   + . .        i - +0 kite shield
rNeg    . . .        a - +0 animal skin
rPois   .            (helmet currently unavailable)
rElec   .            (cloak currently unavailable)
rCorr   .            (gloves unavailable)
SInv    .            (boots unavailable)
Will    +....        (no amulet)
Stlth   ++           E - ring of willpower
HPRegen 1.15/turn    C - ring of protection from cold
MPRegen 0.11/turn

%: no passive effects
@: mighty, brilliant, lethally poisoned (0 -> -1), beast-form
A: beast (slay +4), large, unfitting armour, claws 3, regeneration 1, shaggy fur
1, tough skin 1
a: Begin Untransformation, Renounce Religion, Heroism


You were on level 8 of the Dungeon.
You worshipped Okawaru.
Okawaru was most pleased with you.
You were a hulking beast.
You visited 2 branches of the dungeon, and saw 9 of its levels.
You also visited: Sewer.

You collected 389 gold pieces.


Innate Abilities, Weirdness & Mutations

You are a hulking beast.
Your limbs bulge with bestial killing power. (Slay +4)
You are too large for most types of armour.
You have claws for hands.
Your natural rate of healing is unusually fast.
You are covered in fur. (AC +1)
You have tough skin. (AC +1)


   Skills:
 - Level 4.0 Fighting
 + Level 5.0 Dodging
 - Level 2.0 Stealth
 + Level 4.6 Shields
 * Level 8.3 Unarmed Combat
 + Level 3.0 Evocations
 * Level 7.7 Shapeshifting


You had 9 spell levels left.
You didn't know any spells.
Your spell library was empty.

Inventory:

Missiles
 s - 32 poisoned darts
 t - a curare-tipped dart (quivered) {=f}
 z - 3 throwing nets {=f}
Armour
 a - a +0 animal skin (worn)
 i - a +0 kite shield (worn)
 n - a +2 cloak
Magical Staves
 w - a staff of earth
Jewellery
 C - a ring of protection from cold (right claw)
 E - a ring of willpower (left claw)
 N - a ring of positive energy
Talismans
 c - a beast talisman
 d - a flux talisman
Wands
 x - a wand of mindburst (8)
 y - a wand of quicksilver (8)
 D - a wand of polymorph (4)
Scrolls
 e - 2 scrolls of enchant weapon
 f - 3 scrolls of fog
 g - a scroll of vulnerability {!r}
 j - 6 scrolls of teleportation {@r4}
 m - 2 scrolls of blinking
 o - a scroll of silence {unknown}
 q - 2 scrolls of brand weapon {unknown}
 v - 2 scrolls of butterflies {unknown}
 A - a scroll of identify {@r1}
 B - a scroll of fear {unknown}
Potions
 b - a potion of lignification {!q}
 h - a potion of might
 k - a potion of invisibility {unknown}
 l - a potion of cancellation {unknown}
 p - a potion of enlightenment {unknown}
 r - 2 potions of brilliance
 u - a potion of heal wounds {unknown}

Dungeon Overview and Level Annotations

Branches:
Dungeon (8/15)             Temple (1/1) D:6            Lair (0/5) D:8
  Sewer (visited)

Altars:
Ashenzari
Cheibriados
Dithmenos
Gozag
Hepliaklqana
Kikubaaqudgha
Makhleb
Okawaru
Qazlal
Ru
Sif Muna
Trog
Uskayaw
Wu Jian
Xom
Yredelemnul
Zin
The Shining One

Annotations:
D:5 3 runed translucent doors, dialectric's ghost, novice GrFi
D:8 Erica

##### #..$.# .....
##.... #.o#####
..#...... #o@h..##
#.......#
######>.###......##.
#...............P...
#..[....##...P......
#..†....†.P.P...PP..
###....#.....P...PP.
###.#.##.P..P.......
####...)†...))...P.PP.P
......#.<##.P..).)......


You could see Erica, an orc wizard and an orc.


Message History

Aim: an orc wizard, wielding a +0 dagger and wearing a +0 robe (67% to hit)
The bolt of dispelling energy hits Erica!!
Erica is severely wounded.
The bolt of dispelling energy misses the orc wizard.
You feel very sick.
Erica hits you with a +4 scimitar of flaming!
* * * LOW HITPOINT WARNING * * *
Erica burns you.
* * * LOW HITPOINT WARNING * * *
Unknown command.
Aiming: Quicksilver Bolt
Press: ? - help, Shift-Dir - straight line, f/p - orc wizard
Aim: an orc wizard, wielding a +0 dagger and wearing a +0 robe (67% to hit)
The bolt of dispelling energy hits Erica!
Erica is almost dead.
The bolt of dispelling energy misses the orc wizard.
* * * LOW HITPOINT WARNING * * *
You feel very sick. You block Erica's attack.
Unknown command.
Unknown command.
It was a potion of brilliance.
You feel clever all of a sudden.
* * * LOW HITPOINT WARNING * * *
You feel very sick. You block Erica's attack.
Unknown command.
It was a potion of might.
You feel very mighty all of a sudden.
You die...

Skill      XL: |  1  2  3  4  5  6  7  8  9 10 |
---------------+-------------------------------+-----
Fighting       | 1 2 3 4 |  4.0
Dodging        | 2 3 4 5 |  5.0
Shields        | 1 2 3 4 |  4.6
Unarmed Combat | 4 5 6 7 8 |  8.3
Shapeshifting  | 4 5 6 7 |  7.7
Stealth        | 1 2 |  2.0
Evocations     | 1 2 3 |  3.0

Action                     |  1- 3 |  4- 6 |  7- 9 | 10-12 || total
---------------------------+-------+-------+-------+-------++-------
  Melee: Unarmed           |    56 |   192 |   219 |    65 ||   532
         Punch             |       |     1 |     8 |       ||     9
  Evoke: Wand              |       |       |     5 |     2 ||     7
    Use: Scroll            |       |     4 |     3 |       ||     7
         Potion            |       |       |     1 |     2 ||     3
   Stab: Sleeping          |     1 |     3 |     5 |       ||     9
         Distracted        |       |       |     1 |       ||     1
 Armour: Animal skin       |    26 |   139 |   157 |    69 ||   391
         Skin              |       |       |    27 |       ||    27
  Dodge: Dodged            |    24 |   109 |    94 |    22 ||   249
  Block: Kite shield       |       |       |    21 |    33 ||    54

Levels and vault maps discovered:
D:1:      noname_arrival_rooms_in_the_neighbourhood, layout_basic
D:2:      cheibrodos_helix_gallery, layout_loops_ring, basic_ecumenical_altar,
          uniq_crazy_yiuf_cottage
D:3:      layout_loops_cross, nicolae_overflow_hidden_temple,
          nicolae_uskayaw_murder_on_the_dancefloor, mainiacjoe_overflow_swirl,
          portal_sewer_entry_e, grunt_ministairs_15
D:4:      layout_loops_ring, mainiacjoe_overflow_catwalk, minmay_goblin_outpost
D:5:      layout_basic, gammafunk_ghost_icy, uniq_menkaure, uniq_ijyb,
          uniq_pikel
D:6:      layout_layer_cave, minmay_temple_entry_statues, corexii_shack,
          uniq_blork_the_orc
D:7:      layout_gridville, serial_bayou_lake_a
D:8:      layout_rooms, due_lair_maze_entry_diamond, uniq_erica
Temple:   dshaligram_water_room_temple

Notes
Turn   | Place    | Note
-------+----------+-------------------------------------------
     0 | D:1      | Jeffwins the Troll Shapeshifter began the quest for the
                  | Orb.
     0 | D:1      | Reached XP level 1. HP: 18/18 MP: 0/0
   354 | D:1      | Reached skill level 1 in Fighting
   354 | D:1      | Reached XP level 2. HP: 27/27 MP: 1/1
   679 | D:2      | Found a faded altar of an unknown god.
   870 | D:2      | Found a runed translucent door.
   871 | D:2      | Noticed Crazy Yiuf
   899 | D:2      | Reached XP level 3. HP: 33/33 MP: 2/2
  1189 | D:2      | Killed Crazy Yiuf
  1190 | D:2      | Reached XP level 4. HP: 22/41 MP: 3/3
  1364 | D:3      | Reached skill level 2 in Dodging
  1386 | D:3      | Found a hide-covered altar of Uskayaw.
  1541 | D:3      | Found a glowing drain.
  1556 | Sewer    | Entered a sewer
  1559 | Sewer    | Noticed a kobold brigand
  1565 | Sewer    | Noticed a kobold brigand
  1574 | Sewer    | Killed a kobold brigand
  1575 | Sewer    | Reached skill level 1 in Shields
  1575 | Sewer    | Reached skill level 4 in Unarmed Combat
  1575 | Sewer    | Reached XP level 5. HP: 49/49 MP: 4/4
  1578 | Sewer    | Reached skill level 4 in Shapeshifting
  1578 | Sewer    | Reached XP level 6. HP: 57/57 MP: 5/5
  1674 | Sewer    | Reached skill level 2 in Fighting
  2082 | Sewer    | Reached skill level 1 in Stealth
  2245 | D:3      | Found a glowing golden altar of the Shining One.
  2311 | D:3      | Found a sacrificial altar of Ru.
  2392 | D:3      | Found a shadowy altar of Dithmenos.
  3097 | D:4      | Found an opulent altar of Gozag.
  3411 | D:5      | Entered Level 5 of the Dungeon
  3443 | D:5      | Reached XP level 7. HP: 52/65 MP: 6/6
  3505 | D:5      | Reached skill level 2 in Shields
  3507 | D:5      | Reached skill level 5 in Unarmed Combat
  3567 | D:5      | Reached skill level 3 in Dodging
  3567 | D:5      | Reached skill level 5 in Shapeshifting
  3696 | D:5      | Noticed Ijyb
  3712 | D:5      | Reached XP level 8. HP: 64/74 MP: 7/7
  3715 | D:5      | Killed Ijyb
  3756 | D:5      | Noticed Menkaure
  3762 | D:5      | Killed Menkaure
  3797 | D:5      | Noticed dialectric's ghost (novice GrFi)
  3815 | D:5      | Noticed Pikel
  3840 | D:5      | Killed Pikel
  3841 | D:5      | Reached skill level 3 in Fighting
  3841 | D:5      | Reached skill level 2 in Stealth
  3841 | D:5      | Reached skill level 3 in Shields
  3841 | D:5      | Reached skill level 6 in Unarmed Combat
  3841 | D:5      | Reached skill level 1 in Evocations
  3846 | D:5      | Found a runed translucent gate.
  3846 | D:5      | Found a runed translucent gate.
  3846 | D:5      | Found a runed translucent gate.
  4345 | D:5      | Reached skill level 6 in Shapeshifting
  4967 | D:6      | Reached XP level 9. HP: 48/80 MP: 8/8
  5159 | D:6      | Noticed Blork the orc
  5171 | D:6      | Killed Blork the orc
  5354 | D:6      | Reached skill level 4 in Dodging
  5371 | D:6      | Found a staircase to the Ecumenical Temple.
  5517 | Temple   | Entered the Ecumenical Temple
  5537 | Temple   | Became a worshipper of Warmaster Okawaru
  5788 | D:7      | HP: 8/83 [steam dragon] (8)]
  5793 | D:7      | HP: 8/84 [sleepcap (4)]
  5796 | D:7      | HP: 3/126 [ufetubus (2)]
  5804 | D:7      | Reached skill level 7 in Unarmed Combat
  6028 | D:7      | Reached skill level 2 in Evocations
  6144 | D:7      | Noticed a two-headed ogre
  6324 | D:7      | Killed a two-headed ogre
  6324 | D:7      | Reached * piety under Okawaru
  6324 | D:7      | Reached ** piety under Okawaru
  6325 | D:7      | Reached skill level 4 in Fighting
  6325 | D:7      | Reached skill level 4 in Shields
  6325 | D:7      | Reached skill level 7 in Shapeshifting
  7038 | D:8      | Reached XP level 10. HP: 92/92 MP: 9/9
  7049 | D:8      | Reached skill level 8 in Unarmed Combat
  7126 | D:8      | Reached *** piety under Okawaru
  7128 | D:8      | Found a staircase to the Lair.
  7140 | D:8      | Reached skill level 5 in Dodging
  7161 | D:8      | Reached skill level 3 in Evocations
  7254 | D:8      | Noticed Erica
  7262 | D:8      | HP: 6/92 [Erica/+4 scimitar of flaming (11)]
  7264 | D:8      | HP: 1/92 [poisoned by Erica (bolt of poison)]
  7265 | D:8      | Succumbed to Erica's bolt of poison

Vanquished Creatures
  A two-headed ogre (D:7)
  Pikel (D:5)
  A shadow (D:8)
  A yak (D:8)
  2 steam dragons (D:7)
  Menkaure (D:5)
  3 water moccasins
  An orc warrior (D:8)
  A sky beast (D:6)
  2 ice beasts
  6 black bears
  2 ogres (D:5)
  3 lemures (D:5)
  3 kobold brigands
  Blork the orc (D:6)
  2 bullfrogs (D:7)
  3 scorpions
  5 wights (D:6)
  5 electric eels (D:7)
  A howler monkey (D:5)
  A jelly (D:5)
  2 orc priests
  4 hounds
  Crazy Yiuf (D:2)
  A gnoll bouda (D:7)
  2 sleepcaps
  4 iguanas
  Ijyb (D:5)
  4 orc wizards
  12 gnolls
  11 adders
  6 river rats
  A shadow imp (D:5)
  A white imp (D:6)
  2 ufetubi (D:7)
  A dart slug (D:3)
  21 orcs
  4 ball pythons
  8 endoplasms
  7 giant cockroaches
  11 goblins
  12 hobgoblins
  4 jackals (Sewer)
  4 kobolds
  2 quokkas (D:1)
  3 bats
  5 frilled lizards
  9 rats
189 creatures vanquished.

Vanquished Creatures (others)
  An orc (D:8)
1 creature vanquished.

Grand Total: 190 creatures vanquished

Table legend: (Time is in decaauts)
 A = Elapsed time spent in this place.
 B = Non-inter-level travel time spent in this place.
 C = Inter-level travel time spent in this place.
 D = Time resting spent in this place.
 E = Time spent auto-exploring this place.
 F = Levels seen in this place.
 G = Mean time per level.
                   A        B        C        D        E       F      G
               +--------+--------+--------+--------+--------+-----+--------+
         Total |   7221 |   7065 |    156 |    365 |   5255 |  10 |  722.1 |
       Dungeon |   6545 |   6408 |    137 |    365 |   4889 |   8 |  818.1 |
        Temple |     40 |     21 |     19 |      0 |      0 |   1 |   40.0 |
         Sewer |    635 |    635 |      0 |      0 |    366 |   1 |  635.0 |
               +--------+--------+--------+--------+--------+-----+--------+

Top non-repeatable levels by time:
     D:5: 1271 daAuts
     D:7: 1246 daAuts
     D:6: 1040 daAuts
     D:3: 826 daAuts
     D:4: 699 daAuts
     D:2: 675 daAuts
   Sewer: 635 daAuts
     D:1: 555 daAuts
     D:8: 229 daAuts
  Temple: 40 daAuts

Table legend:
 A = Non-vault XP
 B = Vault XP
 C = Vault XP percentage of total XP
 D = Non-vault monster count
 E = Vault monster count
 F = Vault count percentage of total count
                 A         B        C        D         E       F
            +---------+---------+-------+---------+---------+-------
      Total |    4781 |    2551 |  34.8 |     129 |      57 |  30.6
            +---------+---------+-------+---------+---------+-------
        D:1 |      15 |       0 |   0.0 |       8 |       0 |   0.0
        D:2 |      51 |      45 |  46.9 |      16 |       3 |  15.8
        D:3 |      34 |      49 |  59.0 |      15 |       9 |  37.5
        D:4 |     213 |      20 |   8.6 |      14 |      10 |  41.7
        D:5 |    1003 |     849 |  45.8 |      21 |       3 |  12.5
        D:6 |     749 |      98 |  11.6 |      16 |       2 |  11.1
        D:7 |    2091 |       0 |   0.0 |      27 |       0 |   0.0
        D:8 |     625 |    1191 |  65.6 |      12 |       9 |  42.9
      Sewer |       0 |     299 | 100.0 |       0 |      21 | 100.0
            +---------+---------+-------+---------+---------+-------
